 Dungeon Crawl Stone Soup version 0.27-a0-972-gd1521fd518 (webtiles) character file.

Game seed: 10293362815048240413

1323 Alarkh the Insei (level 8, -8/60 HPs)
             Began as a Demonspawn Transmuter on Apr 13, 2021.
             Was an Initiate of Cheibriados.
             Mangled by an ogre
             ... wielding a +0 giant club
              (31 damage)
             ... on level 6 of the Dungeon.
             The game lasted 00:10:08 (6647 turns).

Alarkh the Insei (Demonspawn Transmuter)            Turns: 6647, Time: 00:10:09

Health: -8/60      AC:  8    Str: 13    XL:     8   Next: 33%
Magic:  14/14      EV: 12    Int: 17    God:    Cheibriados [......]
Gold:   333        SH:  0    Dex: 14    Spells: 7/15 levels left

rFire    . . .     SeeInvis .     - Unarmed
rCold    . . .     Faith    .   (no shield)
rNeg     . . .     Spirit   .   a - +0 robe
rPois    .         Reflect  .   (no helmet)
rElec    .         Harm     .   g - scarf {+Inv}
rCorr    .         Rampage  .   (no gloves)
Will     .....                  (no boots)
Stlth    +.........             l - amulet of magic regeneration
HPRegen  0.20/turn              (no ring)
MPRegen  0.39/turn              (no ring)

@: sanguine armoured, very slow
A: claws 1, demonic guardian 2, powered by death 1, sanguine armour 1
a: Renounce Religion, Evoke Invisibility, Bend Time


You were on level 6 of the Dungeon.
You worshipped Cheibriados.
Cheibriados was noncommittal.
You visited 2 branches of the dungeon, and saw 7 of its levels.

You collected 333 gold pieces.

Inventory:

Missiles
 i - 8 curare-tipped darts
 o - 6 poisoned darts
Armour
 a - a +0 robe (worn)
 g - a scarf of invisibility (worn)
Jewellery
 l - an amulet of magic regeneration (around neck)
Scrolls
 b - a scroll of fear {unknown}
 c - 2 scrolls of enchant armour {unknown}
 d - a scroll of amnesia {unknown}
 e - 2 scrolls of teleportation
 k - a scroll of noise {unknown}
 n - a scroll of vulnerability {unknown}
 r - 2 scrolls of identify
Potions
 f - a potion of resistance
 h - a potion of haste
 j - a potion of brilliance
 m - 3 potions of attraction {unknown}
 p - a potion of lignification {unknown}


   Skills:
 + Level 4.2 Fighting
 - Level 1.7 Dodging
 * Level 6.2 Unarmed Combat
 + Level 4.3 Spellcasting
 + Level 4.1 Transmutations
 + Level 2.8 Ice Magic


You had 7 spell levels left.
You knew the following spells:

 Your Spells              Type           Power      Damage    Failure   Level
a - Beastly Appendage     Tmut           34%        N/A       2%          1
b - Spider Form           Tmut/Pois      5%         N/A       19%         3
c - Ice Form              Ice/Tmut       15%        N/A       36%         4

Your spell library contained the following spells:

 Spells                   Type           Power      Damage    Failure   Level
 Wereblood                Tmut           17%        N/A       4%          2
 Hydra Form               Tmut           8%         N/A       58%         5


Dungeon Overview and Level Annotations

Branches:
Dungeon (6/15)             Temple (1/1) D:6

Altars:
Ashenzari
Cheibriados
Dithmenos
Elyvilon
Hepliaklqana
Kikubaaqudgha
Nemelex Xobeh
Okawaru
Ru
Sif Muna
Trog
Uskayaw
Vehumet
Xom
Yredelemnul
Zin
The Shining One
Lugonu


Innate Abilities, Weirdness & Mutations

You have sharp fingernails.
A demonic guardian rushes to your aid.
You regenerate a little health from kills.
When seriously injured, your bleeding wounds create armour. (AC +6)


Message History

You are too injured to fight recklessly!
You scratch the water moccasin. You claw the water moccasin.
You kill the water moccasin!
Cheibriados appreciates the change of pace.
You feel sick.
You feel sick.
You feel sick.
You feel sick.
You feel sick.
You feel sick.
You feel sick.
You are no longer poisoned.
Your transformation is almost over.
Your horns disappear.
Your talons disappear.
An ogre comes into view. It is wielding a +0 giant club.
An ogre is nearby!
You start resting.
An ogre is nearby!
A yak comes into view. x2
The yak moves out of view.
The ogre shouts!
The ogre misses you. The ogre hits you but does no damage.
Your blood armour dries and flakes away.
The ogre completely misses you.
The ogre hits you with a +0 giant club!!
A demonic guardian appears!
Your blood congeals into armour.
Your rust devil hits the ogre.
Your rust devil corrodes the ogre!
Your rust devil hits the ogre.
The ogre seems to be corroded for longer.
Your rust devil closely misses the ogre.
The ogre barely misses you.
Your rust devil hits the ogre.
The ogre seems to be corroded for longer.
The ogre misses you.
Your rust devil hits the ogre.
The ogre seems to be corroded for longer.
The ogre hits you with a +0 giant club!!
Ouch! That really hurt!
You die...

#.# ##..## #.####....####
#### ....#.....##.###..##
..##.<.....#..#....##
...........)<....(..##
.....#.....).).......##
......................#
..............##.....##
..#...........##@...###
..###.........##O.#...# #.#
#...........4.#.#######
#..##............##...#...#
.#........#..##...#.......#
.#...# #>##.# #...##.....##
.#....# # ####.........#
#......# #.#.##........## .
##... #..........####


You could see an ogre (corroded, ally target) and a friendly rust devil
(summoned).

Vanquished Creatures
  A water moccasin (D:6)
  A sky beast (D:6)
  A phantom (D:4)
  A kobold brigand (D:5)
  A scorpion (D:5)
  A water moccasin zombie (D:5)
  2 howler monkeys (D:6)
  A bullfrog zombie (D:5)
  A centaur skeleton (D:4)
  A hound (D:4)
  An orc priest (D:1)
  2 gnoll shamans
  2 iguanas
  7 orc wizards
  A hound skeleton (D:4)
  4 adders
  7 gnolls (D:5)
  An adder zombie (D:2)
  3 adder skeletons (D:2)
  3 dart slugs
  12 orcs
  3 bats (D:1)
  6 endoplasms
  9 giant cockroaches
  8 goblins
  4 hobgoblins
  10 jackals
  4 quokkas
  9 ball pythons
  3 frilled lizards
  23 kobolds
  2 quokka zombies (D:2)
  8 rats
143 creatures vanquished.

Vanquished Creatures (collateral kills)
  A water moccasin (D:6)
  An iguana (D:5)
  A jelly (D:5)
  A kobold (D:5)
4 creatures vanquished.

Vanquished Creatures (others)
  65 plants (D:5)
65 creatures vanquished.

Grand Total: 212 creatures vanquished

Notes
Turn   | Place    | Note
-------+----------+-------------------------------------------
     0 | D:1      | Alarkh the Demonspawn Transmuter began the quest for the
                  | Orb.
     0 | D:1      | Reached XP level 1. HP: 15/15 MP: 3/3
   207 | D:1      | Gained mutation: You have sharp fingernails. [demonic
                  | ancestry]
   207 | D:1      | Reached XP level 2. HP: 18/21 MP: 3/5
   223 | D:1      | Reached skill level 3 in Unarmed Combat
   775 | D:2      | Gained mutation: You regenerate a little health from kills.
                  | [demonic ancestry]
   775 | D:2      | Reached XP level 3. HP: 22/26 MP: 4/6
   969 | D:2      | Found a faded altar of an unknown god.
  1451 | D:2      | Gained mutation: When seriously injured, your bleeding
                  | wounds create armour. (AC +6) [demonic ancestry]
  1451 | D:2      | Reached XP level 4. HP: 33/33 MP: 7/7
  2123 | D:2      | Reached XP level 5. HP: 36/38 MP: 7/9
  2398 | D:3      | Noticed an angel
  2399 | D:3      | Found a shimmering altar of Xom.
  2506 | D:3      | Reached skill level 4 in Unarmed Combat
  2660 | D:3      | Found a sacrificial altar of Ru.
  2661 | D:3      | Found a radiant altar of Vehumet.
  2662 | D:3      | Found a broken altar of Ashenzari.
  2663 | D:3      | Found an ancient bone altar of Kikubaaqudgha.
  3070 | D:3      | Learned a level 3 spell: Spider Form
  3075 | D:3      | Learned a level 4 spell: Ice Form
  3214 | D:4      | Noticed a phantom
  3482 | D:4      | Gained mutation: A weak demonic guardian rushes to your
                  | aid. [demonic ancestry]
  3482 | D:4      | Reached XP level 6. HP: 33/46 MP: 8/10
  3740 | D:4      | Reached skill level 1 in Ice Magic
  4283 | D:5      | Entered Level 5 of the Dungeon
  4329 | D:5      | Reached skill level 5 in Unarmed Combat
  4329 | D:5      | Gained mutation: A demonic guardian rushes to your aid.
                  | [demonic ancestry]
  4329 | D:5      | Reached XP level 7. HP: 31/52 MP: 12/12
  4408 | D:5      | Found a basalt altar of Yredelemnul.
  5198 | D:5      | Found a shadowy altar of Dithmenos.
  5865 | D:5      | Found a snail-covered altar of Cheibriados.
  6246 | D:6      | Found a staircase to the Ecumenical Temple.
  6255 | Temple   | Entered the Ecumenical Temple
  6312 | D:6      | Reached XP level 8. HP: 28/60 MP: 14/14
  6390 | D:5      | Became a worshipper of Cheibriados the Contemplative
  6453 | D:6      | Reached skill level 6 in Unarmed Combat
  6647 | D:6      | Mangled by an ogre

Illustrated notes

Levels and vault maps discovered:
D:1:      minmay_arrival_jagged, layout_basic, serial_park_tiny_1,
          feat_on_display
D:2:      layout_basic, hellmonk_ecumenical_altar_slurped_away, serial_undead,
          serial_undead_d, serial_undead_d, serial_undead_d, serial_undead_d,
          minmay_worlds_worst_comb
D:3:      layout_loops_ring, grunt_temple_overflow_order_and_chaos_1, minitemple
D:4:      layout_basic, kennysheep_generic_room_16
D:5:      kennysheep_kobold_camp, layout_cave_pods, lemuel_doored_altar,
          amcnicky_altar_gilded, nicolae_overflow_crystal_walls
D:6:      layout_cave_pools, kennysheep_mini_moat,
          minmay_temple_entry_steel_oval, uniq_crazy_yiuf_cottage
Temple:   corrupted_temple

Skill      XL: |  1  2  3  4  5  6  7  8 |
---------------+-------------------------+-----
Unarmed Combat | 3 4 5 6 |  6.2
Transmutations | 2 3 4 |  4.1
Fighting       | 2 3 4 |  4.2
Spellcasting   | 3 4 |  4.3
Ice Magic      | 1 2 |  2.8
Dodging        | |  1.7

Action                   |  1- 3 |  4- 6 |  7- 9 || total
-------------------------+-------+-------+-------++-------
Melee: Unarmed           |   108 |   191 |   146 ||   445
       Kick              |    21 |    36 |    24 ||    81
       Headbutt          |    18 |    22 |    15 ||    55
       Punch             |       |     1 |     2 ||     3
 Cast: Beastly Appendage |    31 |    45 |    31 ||   107
       Spider Form       |       |       |     5 ||     5
  Use: Scroll            |     2 |     3 |       ||     5
 Stab: Sleeping          |     1 |       |       ||     1
Armor: Robe              |    22 |    32 |    13 ||    67
       Skin              |       |       |     1 ||     1
Dodge: Dodged            |    54 |    96 |    88 ||   238

Table legend: (Time is in decaauts)
 A = Elapsed time spent in this place.
 B = Non-inter-level travel time spent in this place.
 C = Inter-level travel time spent in this place.
 D = Time resting spent in this place.
 E = Time spent auto-exploring this place.
 F = Levels seen in this place.
 G = Mean time per level.
                   A        B        C        D        E       F      G
               +--------+--------+--------+--------+--------+-----+--------+
         Total |   6653 |   6244 |    409 |    935 |   4007 |   7 |  950.4 |
       Dungeon |   6606 |   6210 |    396 |    935 |   3973 |   6 | 1101.0 |
        Temple |     47 |     34 |     13 |      0 |     34 |   1 |   47.0 |
               +--------+--------+--------+--------+--------+-----+--------+

Top non-repeatable levels by time:
     D:5: 1672 daAuts
     D:1: 1263 daAuts
     D:4: 1143 daAuts
     D:2: 1121 daAuts
     D:3: 1102 daAuts
     D:6: 302 daAuts
  Temple: 47 daAuts
